 Dungeon Crawl Stone Soup version 0.23.2-33-g5129a83184 (webtiles) character file.

Game seed: 17263285424797495440

433 troglodite the Magician (level 6, -1/30 HPs)
             Began as a Spriggan Conjurer on July 25, 2019.
             Slain by an orc warrior
             ... wielding a +1 halberd of venom
              (14 damage)
             ... on level 4 of the Dungeon.
             The game lasted 00:19:29 (4589 turns).

troglodite the Magician (Spriggan Conjurer)         Turns: 4589, Time: 00:19:29

Health: -1/30      AC:  3    Str:  4    XL:     6   Next: 67%
Magic:  1/14       EV: 20    Int: 17    God:
Gold:   123        SH:  0    Dex: 18    Spells: 8/15 levels left

rFire    + . .     SeeInvis +   r - +2 hand axe (chop)
rCold    . . .     Gourm    .   (shield restricted)
rNeg     . . .     Faith    .   o - +1 robe {Archmagi}
rPois    .         Spirit   .   (helmet restricted)
rElec    .         Reflect  .   (no cloak)
rCorr    .         Harm     .   (gloves unavailable)
MR       +....     Rnd*Tele +   (boots unavailable)
Stlth    +++.......             (no amulet)
HPRegen  0.10/turn              e - ring of protection from fire
MPRegen  0.14/turn              b - ring of teleportation (curse)

@: very slightly contaminated, very quick
A: very small, unfitting armour, see invisible, herbivore, speed 3, slow
metabolism 2
a: no special abilities


You were on level 4 of the Dungeon.
You were hungry.

You visited 1 branch of the dungeon, and saw 4 of its levels.

You collected 123 gold pieces.

Inventory:

Hand Weapons
 r - a +2 hand axe of chopping (weapon)
Armour
 o - a +1 robe of the Archmagi (worn)
Magical Staves
 w - an uncursed staff of power {unknown}
Jewellery
 b - a cursed ring of teleportation (right hand)
 e - a ring of protection from fire (left hand)
 f - an uncursed ring of ice
 u - an uncursed ring of resist corrosion
Scrolls
 g - a scroll of fear {unknown}
 i - 3 scrolls of identify {unknown}
 j - 2 scrolls of remove curse {unknown}
 k - a scroll of random uselessness {unknown}
 l - 2 scrolls of teleportation {unknown}
 m - 2 scrolls of enchant armour {unknown}
 t - a scroll of amnesia {unknown}
Potions
 a - a potion of invisibility {unknown}
 d - a potion of mutation {unknown}
 h - a potion of heal wounds {unknown}
 n - a potion of degeneration {unknown}
 p - a potion of cancellation {unknown}
 q - a potion of lignification {unknown}
 s - 2 potions of curing
 v - 3 potions of haste {unknown}
Comestibles
 c - 7 rations


   Skills:
 + Level 1.1 Fighting
 + Level 0.3(0.6) Axes
   Level 0.6(0.7) Polearms
 + Level 4.6 Dodging
 + Level 4.8 Stealth
 + Level 5.2 Spellcasting
 + Level 4.2 Conjurations


You had 8 spell levels left.
You knew the following spells:

 Your Spells              Type           Power        Failure   Level  Hunger
a - Magic Dart            Conj           ####         2%          1    None
b - Searing Ray           Conj           ####..       3%          2    #......
c - Iskenderun's Mystic   Conj           ####....     24%         4    ####...

Your spell library contained the following spells:

 Spells                   Type           Power        Failure   Level  Hunger
 Dazzling Spray           Conj/Hex       ###...       17%         3    ###....
 Force Lance              Conj/Tloc      ###.....     50%         4    ####...
 Fulminant Prism          Conj/Hex       ###.......   50%         4    ####...


Dungeon Overview and Level Annotations

Branches:
Dungeon (4/15)
 Temple: D:4-7

Altars:
Elyvilon


Innate Abilities, Weirdness & Mutations

You are very small and have problems with some larger weapons.
You are too small for most types of armour.
You have supernaturally acute eyesight. (SInv)
You are a herbivore.
You cover ground extremely quickly.
You need to consume almost no food.


Message History

It was a potion of curing.
You feel better.
Casting: Magic Dart (safe; 2% risk of failure)
Confirm with . or Enter, or press ? or * to list all spells.
Aiming: Iskenderun's Mystic Blast (slightly dangerous; 24% risk of failure)
Press: ? - help, Shift-Dir - straight line, f - orc warrior
Aim: an orc warrior, wielding a +1 halberd of venom and wearing a +0 plate armour You feel a surge of power!
You miscast Iskenderun's Mystic Blast.
You are very lightly contaminated with residual magic.
Your hair stands on end.
Casting: Iskenderun's Mystic Blast (slightly dangerous; 24% risk of failure)
Confirm with . or Enter, or press ? or * to list all spells.
Aiming: Iskenderun's Mystic Blast (slightly dangerous; 24% risk of failure)
Press: ? - help, Shift-Dir - straight line, f/p - orc warrior
Aim: an orc warrior, wielding a +1 halberd of venom and wearing a +0 plate armour You feel a surge of power!
The orb of energy misses the orc warrior.
You are feeling hungry.
The orc warrior misses you.
The orc warrior hits you from afar with a +1 halberd of venom!
You die...

##........# ###.###
###..#......####.....#
....##.###....##.....#
.#####.# #.##).......#
.......# #...##......#
...##### ###..#......#
##.### ##.##.....#
##...# ####.##..o..#
#..#...###....##@....#
..####.......###.....#
#....#####.#o# #######
#....# #.#.## #....#
#.#..### #....#
..##...## #....#
######..## #.....
##..# .....## ##o#


You could see an orc warrior.

Vanquished Creatures
  A bullfrog (D:3)
  An orc priest (D:3)
  4 orc wizards
  3 worker ants
  6 adders
  3 worms (D:2)
  A dart slug (D:2)
  3 leopard geckos
  12 orcs
  A ball python (D:1)
  13 bats
  3 giant cockroaches
  7 goblins
  7 hobgoblins
  6 jackals
  2 frilled lizards
  8 kobolds
  4 rats
85 creatures vanquished.

Notes
Turn   | Place    | Note
-------+----------+-------------------------------------------
     0 | D:1      | troglodite the Spriggan Conjurer began the quest for the
                  | Orb.
     0 | D:1      | Reached XP level 1. HP: 9/9 MP: 5/5
   349 | D:2      | Reached XP level 2. HP: 13/13 MP: 0/6
   583 | D:1      | Reached skill level 3 in Spellcasting
   590 | D:1      | Learned a level 2 spell: Searing Ray
   855 | D:1      | Reached XP level 3. HP: 16/16 MP: 4/8
  2064 | D:2      | Reached XP level 4. HP: 17/21 MP: 1/10
  2558 | D:3      | Found a white marble altar of Elyvilon.
  2777 | D:3      | Noticed a bullfrog
  2940 | D:3      | Killed a bullfrog
  2940 | D:3      | Reached skill level 4 in Spellcasting
  2940 | D:3      | Reached XP level 5. HP: 13/25 MP: 6/12
  3685 | D:3      | Reached XP level 6. HP: 17/29 MP: 5/13
  3693 | D:3      | Reached skill level 1 in Fighting
  4191 | D:4      | Learned a level 4 spell: Iskenderun's Mystic Blast
  4196 | D:4      | Reached skill level 5 in Spellcasting
  4540 | D:4      | Noticed an orc warrior
  4589 | D:4      | Slain by an orc warrior

Skill      XL: |  1  2  3  4  5  6 |
---------------+-------------------+-----
Conjurations   | 3 4 |  4.2
Spellcasting   | 3 4 5 |  5.2
Dodging        | 4 |  4.6
Stealth        | 4 |  4.8
Fighting       | 1 |  1.1
Axes           | |  0.3
Polearms       | |  0.6

Action                   |  1- 3 |  4- 6 || total
-------------------------+-------+-------++-------
Melee: Unarmed           |    17 |       ||    17
       Spear             |    74 |     1 ||    75
       Hand axe          |       |    31 ||    31
 Cast: Magic Dart        |    65 |    71 ||   136
       Searing Ray       |     8 |    14 ||    22
       Iskenderun's Myst |       |     1 ||     1
  Use: Potion            |       |     1 ||     1
 Stab: Sleeping          |       |     3 ||     3
  Eat: Ration            |       |     1 ||     1
Armor: Robe              |    24 |     7 ||    31
Dodge: Dodged            |   170 |    46 ||   216
